[ AOE2 MATCH · #457420161 ]
1v1 RMCelts vs Franks
Player's team · LOSS
Rival team · WIN
[ REPLAY ANALYSIS · EXTRACTED FROM THE RECORDED GAME ]
Feudal
9:35
Castle
20:48
Imperial
—
| APM avg | 42.5 |
| APM peak | 78 |
| eAPM avg | 20.5 |
| Villagers / military | 47 / 20 |
Focus
⚔️ 23.3% · 🌾 76.7%
Militia ×14 · Mangonel ×3 · Spearman ×3
Feudal
9:19
Castle
24:57
Imperial
—
| APM avg | 40.4 |
| APM peak | 81 |
| eAPM avg | 18.3 |
| Villagers / military | 71 / 68 |
Focus
⚔️ 27.2% · 🌾 72.8%
Archer ×34 · Knight ×27 · Spearman ×5 · Militia ×1 · Scout Cavalry ×1
Match map
Initial resources + every placement click. Lines = walls · curves = elevation contours. ◆ gold · ⬟ stone · ● berries · ✦ relic · ◌ wall gap
Your base· ✓ Closed at 20:48 · 41t walls · no gate
ChonkyBoi's base· Open — opponent sealed themselves in
Smoothed initial terrain · ◌ = detected wall gap · hover for details
Inputs per minute
— El Bilbao - - ChonkyBoi
Build order — El Bilbao
First 150 of 151 actions detected
| 0:00 | Create | Villager (Male) |
| 0:00 | Create | Villager (Male) |
| 0:00 | Create | Villager (Male) |
| 0:01 | Create | Villager (Male) |
| 0:03 | Build | House |
| 0:04 | Build | House |
| 1:24 | Create | Villager (Male) |
| 1:43 | Build | Lumber Camp |
| 1:53 | Create | Villager (Male) |
| 2:21 | Create | Villager (Male) |
| 2:22 | Create | Villager (Male) |
| 2:47 | Create | Villager (Male) |
| 3:05 | Create | Villager (Male) |
| 3:37 | Create | Villager (Male) |
| 4:02 | Build | Mill |
| 4:03 | Create | Villager (Male) |
| 4:03 | Create | Villager (Male) |
| 4:08 | Build | House |
| 4:23 | Create | Villager (Male) |
| 5:00 | Create | Villager (Male) |
| 5:01 | Create | Villager (Male) |
| 5:01 | Create | Villager (Male) |
| 5:46 | Create | Villager (Male) |
| 5:46 | Create | Villager (Male) |
| 6:08 | Create | Villager (Male) |
| 6:48 | Build | Barracks |
| 7:12 | Build | House |
| 7:23 | Research | Feudal Age |
| 7:26 | Research | Loom |
| 7:33 | Create | Villager (Male) |
| 7:56 | Build | Palisade Wall |
| 7:57 | Create | Militia |
| 7:58 | Create | Militia |
| 8:14 | Build | Palisade Wall |
| 8:17 | Create | Villager (Male) |
| 8:46 | Build | Mill |
| 9:17 | Build | Mining Camp |
| 9:19 | Create | Villager (Male) |
| 9:19 | Create | Villager (Male) |
| 9:35 | Age | Feudal Age |
| 9:49 | Build | House |
| 9:53 | Build | Palisade Wall |
| 9:55 | Build | Palisade Wall |
| 10:00 | Create | Villager (Male) |
| 10:00 | Create | Villager (Male) |
| 10:20 | Research | Double-Bit Axe |
| 10:35 | Build | House |
| 10:59 | Research | Horse Collar |
| 11:03 | Build | Farm |
| 11:04 | Build | Farm |
| 11:04 | Build | Farm |
| 11:04 | Build | Farm |
| 11:29 | Build | Farm |
| 11:35 | Create | Villager (Male) |
| 11:46 | Build | Farm |
| 11:49 | Build | Farm |
| 11:58 | Build | House |
| 12:09 | Build | Palisade Wall |
| 12:14 | Build | Palisade Wall |
| 12:43 | Create | Villager (Male) |
| 12:44 | Create | Villager (Male) |
| 12:46 | Build | Farm |
| 12:48 | Build | Farm |
| 12:52 | Build | Farm |
| 13:01 | Research | Man-at-Arms (upgrade) |
| 13:03 | Build | Farm |
| 13:11 | Build | Palisade Wall |
| 13:19 | Create | Spearman |
| 13:20 | Create | Spearman |
| 13:32 | Build | Farm |
| 13:39 | Create | Villager (Male) |
| 13:47 | Build | Farm |
| 13:56 | Build | Palisade Wall |
| 14:01 | Create | Militia |
| 14:01 | Create | Militia |
| 14:12 | Create | Villager (Male) |
| 14:16 | Build | Farm |
| 14:21 | Build | House |
| 14:33 | Create | Militia |
| 14:38 | Build | House |
| 15:04 | Build | Farm |
| 15:25 | Build | House |
| 15:29 | Build | Palisade Wall |
| 15:44 | Build | Farm |
| 15:44 | Build | Farm |
| 16:30 | Build | Blacksmith |
| 16:34 | Create | Villager (Male) |
| 16:35 | Create | Villager (Male) |
| 17:17 | Build | Market |
| 17:41 | Create | Villager (Male) |
| 18:08 | Research | Castle Age |
| 18:08 | Research | Castle Age |
| 18:10 | Build | House |
| 18:15 | Build | House |
| 18:18 | Build | House |
| 18:40 | Build | House |
| 18:42 | Build | Palisade Wall |
| 18:46 | Build | House |
| 18:51 | Build | House |
| 18:52 | Build | Palisade Wall |
| 18:59 | Create | Militia |
| 18:59 | Create | Militia |
| 19:00 | Create | Militia |
| 19:33 | Build | Lumber Camp |
| 19:40 | Create | Militia |
| 19:59 | Build | House |
| 20:38 | Research | Fletching |
| 20:48 | Age | Castle Age |
| 21:01 | Build | Town Center |
| 21:07 | Research | Gambesons |
| 21:38 | Research | Long Swordsman (upgrade) |
| 22:02 | Create | Militia |
| 22:37 | Build | Farm |
| 22:37 | Build | Farm |
| 22:43 | Research | Scale Mail Armor |
| 22:49 | Create | Militia |
| 22:49 | Create | Militia |
| 22:52 | Build | Farm |
| 22:53 | Build | Farm |
| 22:53 | Build | Farm |
| 22:56 | Create | Villager (Male) |
| 22:57 | Create | Villager (Male) |
| 23:06 | Research | Forging |
| 23:48 | Build | Siege Workshop |
| 24:20 | Build | Farm |
| 24:40 | Create | Villager (Male) |
| 24:41 | Create | Villager (Male) |
| 24:41 | Create | Villager (Male) |
| 24:46 | Create | Mangonel |
| 24:54 | Build | House |
| 25:35 | Create | Villager (Male) |
| 25:36 | Create | Villager (Male) |
| 25:37 | Create | Villager (Male) |
| 25:37 | Create | Villager (Male) |
| 26:24 | Create | Mangonel |
| 26:27 | Create | Militia |
| 26:27 | Create | Militia |
| 26:35 | Build | Mining Camp |
| 26:36 | Create | Villager (Male) |
| 26:38 | Build | Farm |
| 26:42 | Create | Spearman |
| 27:14 | Create | Villager (Male) |
| 27:17 | Create | Villager (Male) |
| 28:03 | Create | Mangonel |
| 28:10 | Create | Villager (Male) |
| 29:57 | Research | Bodkin Arrow |
| 31:02 | Build | Castle |
| 31:24 | Build | Castle |
| 31:35 | Build | Castle |
| 31:55 | Build | Palisade Wall |
Build order — ChonkyBoi
First 150 of 237 actions detected
| 0:02 | Build | House |
| 0:03 | Build | House |
| 0:04 | Create | Villager (Male) |
| 0:04 | Create | Villager (Male) |
| 0:05 | Create | Villager (Male) |
| 0:05 | Create | Villager (Male) |
| 1:29 | Create | Villager (Male) |
| 2:00 | Create | Villager (Male) |
| 2:14 | Build | Lumber Camp |
| 2:21 | Create | Villager (Male) |
| 2:21 | Create | Villager (Male) |
| 2:57 | Create | Villager (Male) |
| 2:57 | Create | Villager (Male) |
| 2:57 | Create | Villager (Male) |
| 3:05 | Create | Villager (Male) |
| 3:30 | Build | House |
| 3:55 | Create | Villager (Male) |
| 3:55 | Create | Villager (Male) |
| 3:56 | Create | Villager (Male) |
| 4:21 | Build | Mill |
| 4:23 | Create | Villager (Male) |
| 4:23 | Create | Villager (Male) |
| 4:30 | Create | Villager (Male) |
| 4:30 | Create | Villager (Male) |
| 4:30 | Create | Villager (Male) |
| 4:31 | Create | Villager (Male) |
| 5:32 | Create | Villager (Male) |
| 5:32 | Create | Villager (Male) |
| 5:33 | Research | Loom |
| 6:53 | Build | Barracks |
| 7:09 | Research | Feudal Age |
| 7:38 | Build | Mining Camp |
| 7:59 | Build | House |
| 8:45 | Build | House |
| 9:06 | Create | Villager (Male) |
| 9:06 | Create | Villager (Male) |
| 9:06 | Create | Villager (Male) |
| 9:07 | Create | Villager (Male) |
| 9:07 | Create | Villager (Male) |
| 9:19 | Age | Feudal Age |
| 9:45 | Build | Archery Range |
| 10:11 | Research | Double-Bit Axe |
| 10:39 | Create | Archer |
| 10:39 | Create | Archer |
| 10:39 | Create | Archer |
| 10:41 | Create | Archer |
| 10:58 | Create | Villager (Male) |
| 10:59 | Create | Villager (Male) |
| 10:59 | Create | Villager (Male) |
| 12:12 | Create | Archer |
| 12:12 | Create | Archer |
| 12:12 | Create | Archer |
| 12:13 | Create | Villager (Male) |
| 12:14 | Create | Villager (Male) |
| 12:14 | Create | Villager (Male) |
| 12:14 | Create | Villager (Male) |
| 12:14 | Create | Villager (Male) |
| 12:28 | Build | House |
| 12:29 | Build | House |
| 12:29 | Build | House |
| 12:29 | Build | House |
| 12:30 | Build | House |
| 12:34 | Build | Lumber Camp |
| 12:48 | Create | Militia |
| 12:52 | Create | Spearman |
| 12:52 | Create | Spearman |
| 13:00 | Build | Farm |
| 13:00 | Build | Farm |
| 13:00 | Build | Farm |
| 13:01 | Build | Farm |
| 13:29 | Build | Farm |
| 13:29 | Build | Farm |
| 13:30 | Build | Farm |
| 13:30 | Build | Farm |
| 13:33 | Create | Archer |
| 13:33 | Create | Archer |
| 13:33 | Create | Archer |
| 13:43 | Create | Villager (Male) |
| 13:44 | Create | Villager (Male) |
| 13:44 | Create | Villager (Male) |
| 13:44 | Create | Villager (Male) |
| 14:05 | Build | Blacksmith |
| 14:24 | Build | Farm |
| 14:24 | Build | Farm |
| 14:24 | Build | Farm |
| 14:24 | Build | Farm |
| 14:25 | Build | Farm |
| 14:25 | Build | Farm |
| 14:26 | Build | Farm |
| 14:26 | Build | Farm |
| 14:26 | Build | Farm |
| 15:00 | Create | Archer |
| 15:00 | Create | Archer |
| 15:12 | Create | Villager (Male) |
| 15:13 | Create | Villager (Male) |
| 15:17 | Build | Farm |
| 15:17 | Build | Farm |
| 15:17 | Build | Farm |
| 15:18 | Build | Farm |
| 15:18 | Build | Farm |
| 15:18 | Build | Farm |
| 15:42 | Build | House |
| 15:44 | Build | House |
| 15:47 | Build | House |
| 15:49 | Build | House |
| 15:52 | Build | House |
| 16:38 | Research | Fletching |
| 16:39 | Research | Padded Archer Armor |
| 16:41 | Create | Villager (Male) |
| 16:41 | Create | Villager (Male) |
| 16:50 | Build | Farm |
| 16:57 | Create | Archer |
| 17:36 | Create | Villager (Male) |
| 17:36 | Create | Villager (Male) |
| 17:36 | Create | Villager (Male) |
| 17:57 | Create | Spearman |
| 17:57 | Create | Spearman |
| 17:59 | Create | Spearman |
| 18:06 | Build | Mill |
| 18:07 | Build | Farm |
| 18:07 | Build | Farm |
| 18:08 | Build | Farm |
| 18:08 | Build | Farm |
| 18:08 | Build | Farm |
| 18:09 | Build | Farm |
| 18:09 | Build | Farm |
| 18:09 | Build | Farm |
| 18:09 | Build | Farm |
| 18:09 | Build | Farm |
| 18:10 | Build | Farm |
| 18:12 | Create | Villager (Male) |
| 18:33 | Create | Villager (Male) |
| 19:09 | Create | Archer |
| 19:09 | Create | Archer |
| 19:09 | Create | Archer |
| 19:09 | Create | Archer |
| 19:41 | Create | Villager (Male) |
| 19:41 | Create | Villager (Male) |
| 19:42 | Create | Villager (Male) |
| 19:42 | Create | Villager (Male) |
| 21:18 | Build | Market |
| 21:36 | Create | Archer |
| 21:36 | Create | Archer |
| 21:37 | Create | Archer |
| 22:07 | Research | Forging |
| 22:09 | Research | Scale Barding Armor |
| 22:17 | Research | Castle Age |
| 22:33 | Create | Archer |
| 22:33 | Create | Archer |
| 22:33 | Create | Archer |
Match timeline
| 6:48 | El Bilbao · first_building Barracks |
| 6:53 | ChonkyBoi · first_building Barracks |
| 7:56 | El Bilbao · wall_segment Palisade Wall x1 |
| 8:14 | El Bilbao · wall_segment Palisade Wall x3 |
| 9:19 | ChonkyBoi · age_up feudal |
| 9:35 | El Bilbao · age_up feudal |
| 9:45 | ChonkyBoi · first_building Archery Range |
| 9:53 | El Bilbao · wall_segment Palisade Wall x4 |
| 9:55 | El Bilbao · wall_segment Palisade Wall x7 |
| 12:09 | El Bilbao · wall_segment Palisade Wall x3 |
| 12:14 | El Bilbao · wall_segment Palisade Wall x1 |
| 13:11 | El Bilbao · wall_segment Palisade Wall x2 |
| 13:56 | El Bilbao · wall_segment Palisade Wall x6 |
| 15:29 | El Bilbao · wall_segment Palisade Wall x4 |
| 18:42 | El Bilbao · wall_segment Palisade Wall x5 |
| 18:52 | El Bilbao · wall_segment Palisade Wall x5 |
| 20:48 | El Bilbao · age_up castle |
| 21:36 | El Bilbao · first_market_sell 100 food |
| 23:05 | ChonkyBoi · first_building Stable |
| 23:48 | El Bilbao · first_building Siege Workshop |
| 24:57 | ChonkyBoi · age_up castle |
| 27:25 | ChonkyBoi · first_market_buy 100 wood |
| 27:27 | ChonkyBoi · first_market_sell 100 food |
| 29:55 | El Bilbao · first_market_buy 100 food |
| 31:02 | El Bilbao · first_building Castle |
| 31:55 | El Bilbao · wall_segment Palisade Wall x1 |
| 31:59 | El Bilbao · wall_segment Palisade Wall x1 |
| 32:04 | El Bilbao · resign |
[ AI ANALYSIS · 1 CREDIT ]
What really happened in this match?
Wolo.gg analyzes every decision: build order, eco, micro, common mistakes by bracket. Personalized analysis on WhatsApp or Discord in 30 seconds.
Civ guide
Celts
Map guide
Arabia
Perfil
Jugador #5121226